 Dungeon Crawl Stone Soup version 0.29.0-7-g18a832c13a (webtiles) character file.

Game seed: 16354573732011672124

14644 apoch the Fighter (level 11, -3/151 HPs)
             Began as a Minotaur Berserker on Aug 31, 2022.
             Was an Elder of Trog.
             Slain by a death yak (17 damage)
             ... on level 8 of the Dungeon.
             The game lasted 00:22:45 (13728 turns).

apoch the Fighter (Minotaur Berserker)             Turns: 13728, Time: 00:22:45

Health: -3/151     AC: 13    Str: 26    XL:     11   Next: 91%
Magic:  10/10      EV: 16    Int:  4    God:    Trog [****..]
Gold:   812        SH:  0    Dex: 10    Spells: 10/10 levels left

rFire   + + .      SeeInvis .   a - +1 war axe (freeze)
rCold   + . .      Faith    .   (no shield)
rNeg    . . .      Spirit   .   v - +0 chain mail
rPois   .          Reflect  .   (helmet restricted)
rElec   +          Harm     .   (no cloak)
rCorr   +          Rampage  .   (no gloves)
Will    .....                   I - +0 pair of boots
Stlth   ..........              H - amulet of Dolaha {RegenMP rElec rF++ rCorr}
HPRegen 0.35/turn               e - ring of protection from cold
MPRegen 0.52/turn               s - +4 ring of evasion

@: berserking (expiring), studying Dodging, very quick
A: horns 2, retaliatory headbutt
a: Renounce Religion, Berserk, Trog's Hand, Brothers in Arms


You were on level 8 of the Dungeon.
You worshipped Trog.
Trog was greatly pleased with you.
You visited 2 branches of the dungeon, and saw 12 of its levels.
You also visited: Ossuary.

You collected 812 gold pieces.

Inventory:

Hand Weapons
 a - a +1 war axe of freezing (weapon)
 b - a +0 whip of venom
 l - a +0 hand axe of venom
 p - a +0 hand axe
 y - a +0 war axe
 B - a +2 scimitar of flaming
 E - a +0 morningstar
Missiles
 c - 110 stones (quivered)
 h - 6 javelins
 q - 5 boomerangs
 C - 39 poisoned darts
 D - 7 curare-tipped darts
Armour
 d - a +0 animal skin
 v - a +0 chain mail (worn)
 F - a +0 cloak
 I - a +0 pair of boots (worn)
 J - a +0 cloak
Jewellery
 e - a ring of protection from cold (left hand)
 g - an amulet of guardian spirit
 s - a +4 ring of evasion (right hand)
 A - a ring of flight
 H - the amulet of Dolaha (around neck) {RegenMP rElec rF++ rCorr}
   (You took it off a kobold on level 7 of the Dungeon)

   [amulet of magic regeneration]

   It increases your rate of magic regeneration.
   rF:        It greatly protects you from fire.
   rElec:     It insulates you from electricity.
   rCorr:     It protects you from acid and corrosion.
 Q - a ring of resist corrosion
Wands
 r - a wand of digging (3)
 u - a wand of charming (4)
 K - a wand of flame (26)
 O - a wand of mindburst (12)
 P - a wand of iceblast (21)
Scrolls
 i - a scroll of summoning
 m - 3 scrolls of identify
 w - 6 scrolls of fear
Potions
 f - 2 potions of lignification
 j - 4 potions of might
 k - 2 potions of magic
 o - 4 potions of cancellation
 x - 11 potions of curing
 z - a potion of berserk rage
 L - a potion of flight
 N - a potion of invisibility


   Skills:
 + Level 10.9 Fighting
 + Level 10.8 Axes
 * Level 6.3 Throwing
 + Level 10.5 Armour
 + Level 10.3 Dodging
 * Level 5.8 Evocations


You had 10 spell levels left.
You didn't know any spells.
Your spell library contained the following spells:

 Spells                   Type           Power      Damage    Failure   Level
 Apportation              Tloc           0%         N/A       95%         1
 Beastly Appendage        Tmut           0%         N/A       95%         1
 Sandblast                Erth           0%         2d4       95%         1
 Summon Small Mammal      Summ           0%         N/A       95%         1
 Blink                    Tloc           0%         N/A       99%         2
 Ensorcelled Hibernation  Hex/Ice        0%         N/A       99%         2
 Passwall                 Tmut/Erth      0%         N/A       99%         2
 Wereblood                Tmut           0%         N/A       99%         2
 Call Canine Familiar     Summ           0%         N/A       100%        3
 Dazzling Flash           Conj/Hex       0%         N/A       100%        3
 Portal Projectile        Hex/Tloc       0%         N/A       100%        3
 Spider Form              Tmut/Pois      0%         N/A       100%        3
 Stone Arrow              Conj/Erth      0%         3d7       100%        3
 Summon Guardian Golem    Hex/Summ       0%         N/A       100%        3
 Tukima's Dance           Hex            0%         N/A       100%        3
 Fulminant Prism          Conj/Hex       0%         3d6       100%        4
 Iskenderun's Mystic Bla  Conj/Tloc      0%         2d3       100%        4
 Leda's Liquefaction      Hex/Erth       0%         N/A       100%        4
 Summon Lightning Spire   Summ/Air       0%         N/A       100%        4
 Alistair's Intoxication  Tmut/Pois      0%         N/A       100%        5
 Blade Hands              Tmut           0%         N/A       100%        5
 Borgnjor's Vile Clutch   Necr/Erth      0%         N/A       100%        5
 Lee's Rapid Deconstruct  Erth           0%         3d5*      100%        5
 Manifold Assault         Tloc           0%         N/A       100%        5
 Eringya's Noxious Bog    Tmut/Pois      0%         N/A       100%        6
 Starburst                Conj/Fire      0%         6d3       100%        6
 Storm Form               Tmut/Air       0%         N/A       100%        7
 Maxwell's Capacitive Co  Air            0%         ∞         100%        8


Dungeon Overview and Level Annotations

Branches:
Dungeon (11/15)            Temple (0/1) D:7            Lair (1/5) D:8
    Orc (0/2) D:10        Ossuary (visited)

Altars:
Gozag
Hepliaklqana
Kikubaaqudgha
Makhleb
Nemelex Xobeh
Ru
Trog
Uskayaw
Xom
Zin

Shops:
D:4 (


Innate Abilities, Weirdness & Mutations

You have a pair of horns on your head.
You reflexively headbutt those who attack you in melee.


Message History

There is a staircase to the Lair here.
A red film seems to cover your vision as you go berserk!
You feel yourself moving faster!
You feel mighty!
The death yak gores you but does no damage.
The death yak gores you!!
* * * LOW HITPOINT WARNING * * *
You slash the death yak! You freeze the death yak. You headbutt the death yak!!
The death yak is heavily wounded.
You hit the death yak but do no damage. You slash the death yak!
You freeze the death yak. You headbutt the death yak!!
The death yak is almost dead.
You slice the death yak!! You freeze the death yak. The death yak misses you.
The death yak barely misses you.
You hit the death yak. You freeze the death yak.
The death yak is almost dead.
You slash the death yak! You freeze the death yak.
The death yak closely misses you. The death yak gores you!
* * * LOW HITPOINT WARNING * * *
You hit the death yak. You freeze the death yak. You headbutt the death yak.
You kill the death yak!
Trog accepts your kill.
You slash the death yak! You freeze the death yak. You slash the death yak!
You freeze the death yak. You headbutt the death yak!
The death yak is almost dead.
The death yak gores you but does no damage.
You hit the death yak. You freeze the death yak. You headbutt the death yak.
You kill the death yak!
Trog accepts your kill.
You closely miss the blink frog. The blink frog closely misses you.
You slash the blink frog!
The blink frog seems to slow down.
You freeze the blink frog.
The blink frog is heavily wounded.
You slash the death yak! You freeze the death yak.
The death yak is moderately wounded.
You slash the death yak! You freeze the death yak.
The death yak is heavily wounded.
You barely miss the death yak. You headbutt the death yak.
The death yak is heavily wounded.
The death yak gores you!
You die...

#..########..######.# #.#
#..#............<...######.#
#..#.##.^.>................#
#..#.##......############..#
#..#.##......# #..).#
#..#.........# #.#.##
#............# #.#.#
#.#####......##########.#.####
#.#####.#......@YF...........#
##.#..........####..####.#.##.#
#....#..............# #.#.##.#
..#..#.##.#########.# ##...##.#
#...##.##.# #.# #....##.#
##.###.##.# #.# #.##.##)# #.#
#.##.# #.# #.##.##.#
##.###.##.# #.# #.##.##.#
.......##.# #.# #.##.##.#


You could see a death yak and a blink frog (slow).

Vanquished Creatures
  3 death yaks
  2 two-headed ogres
  Pikel (D:9)
  A cyclops (D:11)
  Joseph (D:9)
  Maurice (D:9)
  A kobold demonologist (D:10)
  A troll (D:10)
  A hornet (D:10)
  Eustachio (D:4)
  A wraith (D:10)
  2 wyverns
  8 yaks (D:9)
  2 steam dragons
  An acid dragon (D:10)
  A water moccasin (D:8)
  Duvessa (D:7)
  A sky beast (D:7)
  3 orc warriors
  3 black bears
  An ogre (D:4)
  8 centaurs
  A lemure (D:9)
  5 kobold brigands
  Blork the orc (D:4)
  A bullfrog (D:7)
  An elf zombie (Ossuary)
  2 necrophages
  A gnoll sergeant (D:10)
  5 scorpions
  6 killer bees (D:8)
  A howler monkey (D:5)
  3 centaur zombies (Ossuary)
  3 jellies
  2 hounds
  A human zombie (Ossuary)
  6 orc priests
  A gnoll bouda (D:6)
  An iguana (D:5)
  6 orc wizards
  5 hound zombies (Ossuary)
  3 mummies (Ossuary)
  Robin (D:4)
  8 gnolls
  7 adders
  2 shadow imps (D:5)
  2 ufetubi
  2 adder zombies (Ossuary)
  3 worms
  41 orcs
  11 ball pythons
  6 endoplasms
  5 giant cockroaches
  2 gnoll zombies (Ossuary)
  15 goblins
  10 hobgoblins
  31 kobolds
  6 quokkas
  3 bats
  A frilled lizard (D:3)
  3 goblin zombies (Ossuary)
  3 hobgoblin zombies (Ossuary)
  A jackal zombie (Ossuary)
  6 kobold zombies
  An orc zombie (Ossuary)
  3 quokka zombies (Ossuary)
  4 rats
  4 rat zombies (Ossuary)
281 creatures vanquished.

Vanquished Creatures (collateral kills)
  A death yak (Lair:1)
  The ghost of miserystealer the Thaumaturge, a novice DEAE of Vehumet (D:7)
  5 orange demons (D:10)
  3 red devils (D:10)
  A troll (D:10)
  Dowan (D:7)
  A jelly (D:6)
  An iguana (D:6)
  An adder (D:6)
  An orc zombie (D:6)
16 creatures vanquished.

Vanquished Creatures (others)
  A wizard (D:10)
  2 fungi (Lair:1)
  7 plants
10 creatures vanquished.

Grand Total: 307 creatures vanquished

Notes
Turn   | Place    | Note
-------+----------+-------------------------------------------
     0 | D:1      | apoch the Minotaur Berserker began the quest for the Orb.
     0 | D:1      | Reached XP level 1. HP: 19/19 MP: 0/0
    73 | D:1      | Found a faded altar of an unknown god.
   349 | D:1      | Reached XP level 2. HP: 27/27 MP: 1/1
   997 | D:2      | Reached XP level 3. HP: 31/33 MP: 2/2
  1003 | D:2      | Reached ** piety under Trog
  1651 | D:2      | Reached XP level 4. HP: 41/41 MP: 3/3
  2086 | D:3      | Found an opulent altar of Gozag.
  2459 | D:3      | Found a glowing silver altar of Zin.
  3089 | D:4      | Noticed an ogre
  3093 | D:4      | Killed an ogre
  3094 | D:4      | Reached XP level 5. HP: 30/47 MP: 4/4
  3104 | D:3      | Reached skill level 5 in Axes
  3403 | D:4      | Reached skill level 5 in Fighting
  3533 | D:4      | Reached XP level 6. HP: 34/56 MP: 5/5
  4005 | D:4      | Found Xoaruziq's Antique Weapon Boutique.
  4010 | D:4      | Noticed Eustachio
  4019 | D:4      | Killed Eustachio
  4120 | D:4      | Reached *** piety under Trog
  4121 | D:4      | Reached skill level 5 in Armour
  4121 | D:4      | Reached XP level 7. HP: 62/62 MP: 6/6
  4370 | D:4      | Noticed Blork the orc
  4377 | D:4      | Killed Blork the orc
  4436 | D:4      | Noticed Robin
  4441 | D:4      | Killed Robin
  4734 | D:4      | Reached skill level 5 in Dodging
  4929 | D:5      | Entered Level 5 of the Dungeon
  5105 | D:5      | Found a sparkling altar of Nemelex Xobeh.
  5130 | D:5      | Found a hide-covered altar of Uskayaw.
  5163 | D:5      | Identified the +6 dagger "Xyedar" {vorpal, rC+ Int+4 Dex+3}
  5169 | D:5      | Found a shimmering altar of Xom.
  5170 | D:5      | Found a hazy altar of Hepliaklqana.
  5171 | D:5      | Noticed a spectral ugly thing
  5232 | D:5      | Found a sacrificial altar of Ru.
  5639 | D:5      | Reached XP level 8. HP: 62/71 MP: 7/7
  5996 | D:5      | Reached **** piety under Trog
  6164 | D:6      | Found a sand-covered staircase.
  6188 | Ossuary  | Entered an ossuary
  6547 | Ossuary  | Reached ***** piety under Trog
  6975 | D:6      | Reached XP level 9. HP: 77/81 MP: 8/8
  8111 | D:7      | Found a runed translucent door.
  8111 | D:7      | Noticed miserystealer's ghost (novice DEAE)
  8111 | D:7      | Identified the amulet of Dolaha {RegenMP rElec rF++ rCorr}
  8145 | D:7      | Noticed Duvessa
  8145 | D:7      | Noticed Dowan
  8150 | D:7      | Killed Dowan
  8154 | D:7      | Killed Duvessa
  8166 | D:7      | Killed miserystealer's ghost
  8414 | D:7      | Found a staircase to the Ecumenical Temple.
  9179 | D:8      | Found a staircase to the Lair.
  9277 | D:8      | Found a burning altar of Makhleb.
  9308 | D:8      | Found an ancient bone altar of Kikubaaqudgha.
  9498 | D:8      | Reached XP level 10. HP: 28/91 MP: 9/9
 10038 | D:8      | Got the Lectures on the Spellbinding Tempest
 10332 | D:9      | You fall into a shaft and drop 2 floors!
 10348 | D:11     | Noticed a cyclops
 10387 | D:11     | Reached skill level 1 in Throwing
 10392 | D:11     | Reached skill level 1 in Evocations
 10393 | D:11     | Killed a cyclops
 10831 | D:11     | Identified the +6 rapier "Hugina" {pain, rN+ Dex+2}
 10937 | D:10     | Entered Level 10 of the Dungeon
 11112 | D:9      | Noticed a two-headed ogre
 11120 | D:9      | Killed a two-headed ogre
 11480 | D:9      | Noticed Pikel
 11495 | D:9      | Killed Pikel
 11496 | D:9      | Reached skill level 10 in Fighting
 11600 | D:9      | Noticed Joseph
 11604 | D:9      | Reached skill level 10 in Axes
 11616 | D:9      | Killed Joseph
 11628 | D:9      | Reached XP level 11. HP: 50/99 MP: 10/10
 12012 | D:9      | Noticed Maurice
 12023 | D:9      | Killed Maurice
 12148 | D:10     | Noticed a two-headed ogre
 12159 | D:10     | Killed a two-headed ogre
 12269 | D:10     | Reached skill level 10 in Armour
 12270 | D:10     | Reached skill level 10 in Dodging
 12275 | D:10     | Reached skill level 5 in Throwing
 12703 | D:10     | Paralysed by a hornet for 2 turns
 12709 | D:10     | Reached skill level 5 in Evocations
 13149 | D:10     | Found a staircase to the Orcish Mines.
 13270 | D:10     | Found a bloodstained altar of Trog.
 13271 | D:10     | Noticed a wizard
 13277 | D:10     | Killed a wizard
 13464 | Lair:1   | Entered Level 1 of the Lair of Beasts
 13483 | Lair:1   | Identified a scroll of acquirement
 13483 | Lair:1   | Acquired a manual of Dodging
 13591 | Lair:1   | Noticed a death yak
 13596 | Lair:1   | Noticed a death yak
 13602 | Lair:1   | Noticed a death yak
 13603 | Lair:1   | Noticed a death yak
 13604 | Lair:1   | Noticed a death yak
 13610 | Lair:1   | Killed a death yak
 13612 | Lair:1   | Killed a death yak
 13722 | D:8      | Killed a death yak
 13724 | D:8      | Killed a death yak
 13728 | D:8      | Slain by a death yak

Illustrated notes

Levels and vault maps discovered:
D:1:      dpeg_arrival_windows_large_door, layout_loops_ring,
          nicolae_ecumenical_snake_handling, chequers_hall_statues_corner_a
D:2:      layout_rooms
D:3:      layout_basic, pdpol_temple_overflow_zin_treasury_gozag_greed,
          grunt_decor_arrowhead, kennysheep_nondescript
D:4:      layout_basic, serial_shops, nicolae_take_the_stairs,
          uniq_blork_the_orc, uniq_robin, uniq_eustachio
D:5:      layout_gridville, lemuel_tele_altar, nemelex_diamond_rough_becter,
          regret_index_temple_of_mockery, old_standard_altar, minmay_puff
D:6:      layout_loops_ring, enter_ossuary_3, kennysheep_cross_bottleneck,
          amcnicky_mini_rare_corridor_liquid
D:7:      layout_basic, nicolae_overflow_hidden_temple,
          minmay_temple_entry_gardened_gates, hellmonk_ghost_happy_afterlife,
          eino_curves_03, uniq_duvessa
D:8:      layout_loops_ring, mainiacjoe_overflow_catch_the_wave,
          lair_entry_dummy, st_stairs_12
D:9:      layout_roguey, uniq_pikel, uniq_joseph, uniq_maurice
D:10:     layout_cross, trog_wizard, hiddenorc1_lemuel, serial_park_tiny_pond,
          minmay_beelzebubs_servants
D:11:     layout_loops_ring, serial_bayou_lake_a, uniq_snorg
Lair:1:   layout_cellular_growth, special_room [special_room_bee],
          serial_bayou_shore_b

Skill      XL: |  1  2  3  4  5  6  7  8  9 10 11 |
---------------+----------------------------------+-----
Fighting       | 4 5 6 8 9 10 | 10.9
Axes           | 4 5 6 7 9 10 | 10.8
Armour         | 3 4 5 6 7 9 10 | 10.5
Dodging        | 3 4 5 6 8 9 10 | 10.3
Throwing       | 4 6 |  6.3
Evocations     | 3 5 |  5.8

Action                   |  1- 3 |  4- 6 |  7- 9 | 10-12 || total
-------------------------+-------+-------+-------+-------++-------
Melee: Hand axe          |    72 |       |       |       ||    72
       Headbutt          |     9 |    14 |    51 |    50 ||   124
       War axe           |       |    70 |   326 |   193 ||   589
       Punch             |       |     1 |     3 |     5 ||     9
Throw: Stone             |     1 |     2 |     7 |    24 ||    34
Invok: Berserk           |       |     1 |     1 |     5 ||     7
       Trog's Hand       |       |       |     1 |     5 ||     6
       Brothers in Arms  |       |       |     1 |     2 ||     3
  Use: Scroll            |       |       |    12 |    15 ||    27
       Potion            |       |       |       |     1 ||     1
Armor: Animal skin       |    15 |     6 |       |       ||    21
       Chain mail        |       |    19 |   197 |   117 ||   333
Dodge: Dodged            |    48 |    55 |   168 |   188 ||   459
